AoeStats
← audi

Arabia

508703648Analyzed
2v2 RM · 9d ago on Sep 23, 2026· 22m 1s· 4 players
Game mode
Random Map
Map size
Medium (4 player)
Population
200
Speed
Normal
Resources
Standard
Victory
Conquest
Starting age
Dark Age
Ending age
Imperial Age
RankedLock teamsTeams togetherTeam positionsShared explorationLock speedFull tech treeHidden civsTurbo modeCheats
Victory
Defeat
🇩🇪 Burgundians · Germany
1222
+12
🇩🇪 Mongols · Germany
1206
+13
🇬🇧 Cumans · United Kingdom
1161
-13
🇹🇷 Magyars · Türkiye
1124
-12
audi
3:59 Loom
9:43 Feudal Age
10:19 Double-Bit Axe
13:02 Town Watch
14:27 Scale Barding Armor
15:40 Bloodlines
15:17 Horse Collar
20:51 Wheelbarrow
23:37 Castle Age
Warningeye
7:59 Loom
10:10 Feudal Age
11:28 Double-Bit Axe
13:51 Horse Collar
22:49 Castle Age
20:56 Fletching
21:07 Padded Archer Armor
padde1000
9:04 Feudal Age
9:34 Double-Bit Axe
10:55 Bow Saw
12:06 Horse Collar
14:38 Loom
18:56 Castle Age
18:05 Gold Mining
19:20 Scale Barding Armor
19:42 Cavalier
21:27 Husbandry
21:50 Chain Barding Armor
21:59 Heavy Plow
tlver
6:40 Loom
9:09 Feudal Age
15:18 Double-Bit Axe
21:01 Castle Age
Connection lost

Rejoining the realm…

Still unreachable

The connection could not be restored.

Session expired

The server has moved on; the page needs a fresh start.